 Dungeon Crawl Stone Soup version 0.25-a0-474-ga8a2ee3166 (webtiles) character file.

Game seed: 7168165007324534173, levelgen mode: deterministic

13 kae the Sneak (level 2, 0/13 HPs)
             Began as a Spriggan Enchanter on Feb 7, 2020.
             Slain by a crimson imp (3 damage)
             ... summoned by Natasha
             ... on level 2 of the Dungeon.
             The game lasted 00:00:40 (526 turns).

kae the Sneak (Spriggan Enchanter)                   Turns: 526, Time: 00:00:41

Health: 0/13       AC:  2    Str:  4    XL:     2   Next: 24%
Magic:  6/6        EV: 18    Int: 16    God:
Gold:   53         SH:  0    Dex: 16    Spells: 3/6 levels left

rFire    . . .     SeeInvis +   a - +1 dagger
rCold    . . .     Gourm    .   (shield restricted)
rNeg     . . .     Faith    .   b - +0 robe
rPois    .         Spirit   .   (helmet restricted)
rElec    .         Reflect  .   (no cloak)
rCorr    .         Harm     .   (gloves unavailable)
MR       .....                  (boots unavailable)
Stlth    +++.......             (no amulet)
HPRegen  0.04/turn              (no ring)
MPRegen  0.10/turn              (no ring)

@: very quick
A: very small, unfitting armour, see invisible, herbivore, speed 3, slow
metabolism 2
a: no special abilities


You were on level 2 of the Dungeon.
You were not hungry.

You visited 1 branch of the dungeon, and saw 2 of its levels.

You collected 53 gold pieces.

Inventory:

Hand Weapons
 a - a +1 dagger (weapon)
Armour
 b - a +0 robe (worn)
Scrolls
 c - 3 scrolls of identify {unknown}
 e - 2 scrolls of teleportation {unknown}
 f - a scroll of fog {unknown}
Potions
 g - a potion of degeneration {unknown}
 h - a potion of heal wounds {unknown}
Comestibles
 d - 4 rations


   Skills:
 + Level 0.2 Fighting
 * Level 1.7 Short Blades
 + Level 3.2 Dodging
 + Level 4.6 Stealth
 + Level 2.8 Spellcasting
 + Level 3.7 Hexes


You had 3 spell levels left.
You knew the following spells:

 Your Spells              Type           Power        Failure   Level  Hunger
a - Corona                Hex            ##.....      4%          1    #......
b - Ensorcelled Hibernat  Hex/Ice        #.....       13%         2    ##.....

Your spell library contained the following spells:

 Spells                   Type           Power        Failure   Level  Hunger
 Confusing Touch          Hex            ##......     12%         3    ###....
 Tukima's Dance           Hex            ##......     12%         3    ###....
 Dazzling Flash           Conj/Hex       #.....       26%         3    ###....


Dungeon Overview and Level Annotations

Branches:
Dungeon (1/15)

Altars:

Annotations:
D:2 Natasha


Innate Abilities, Weirdness & Mutations

You are very small and have problems with some larger weapons.
You are too small for most types of armour.
You have supernaturally acute eyesight. (SInv)
You are a herbivore.
You cover ground extremely quickly.
You need to consume almost no food.


Message History

You hit Natasha but do no damage.
Natasha is moderately wounded.
Natasha barely misses you.
The crimson imp blinks!
The crimson imp hits you.
You hit the crimson imp.
The crimson imp is lightly wounded.
The crimson imp blinks!
Natasha misses you.
Natasha mumbles some strange words.
You hit the crimson imp.
The crimson imp is lightly wounded.
The crimson imp shouts, "Give up, thou bootless wibble-sucking baggage!"
The crimson imp hits you.
* * * LOW HITPOINT WARNING * * *
Natasha mumbles some strange words.
You hit the crimson imp.
The crimson imp is lightly wounded.
The dart slug completely misses you. The crimson imp hits you.
You die...

#.# #.# #.# # #w#
#.###.# #.# #
##.#....5#####.##.#
........h.§......
##.#####w##(##.####
#.@5........
####.##.### #.##.#
#.##.#########
#.##.........#
#.##########.#
###.#####....#.#
###...#.....##.#.#
#...†..........#.#


You could see Natasha, a crimson imp, a shadow imp and 2 dart slugs.

Vanquished Creatures
  A leopard gecko (D:1)
  3 bats
  A goblin (D:1)
  3 hobgoblins (D:1)
  A frilled lizard (D:1)
  A rat (D:1)
10 creatures vanquished.

Notes
Turn   | Place    | Note
-------+----------+-------------------------------------------
     0 | D:1      | kae the Spriggan Enchanter began the quest for the Orb.
     0 | D:1      | Reached XP level 1. HP: 9/9 MP: 5/5
   215 | D:1      | Reached XP level 2. HP: 9/13 MP: 4/6
   238 | D:1      | Learned a level 2 spell: Ensorcelled Hibernation
   453 | D:1      | You fall into a shaft and drop 1 floor!
   484 | D:2      | Noticed a phantom
   512 | D:2      | Noticed Natasha
   518 | D:2      | Noticed a crimson imp
   526 | D:2      | Slain by a crimson imp

Levels and vault maps discovered:
D:1:      psy_arrival_conway, layout_loops_ring, minmay_fountain_box,
          roderic_filled_cross
D:2:      layout_basic, good_gods_temple_1, first_ration, uniq_jessica,
          uniq_natasha

Action                   || total
-------------------------++-------
Melee: Dagger            ||    33
 Cast: Corona            ||     5
 Stab: Sleeping          ||     4
Armor: Robe              ||     4
Dodge: Dodged            ||    26

Table legend:
 A = Non-vault XP
 B = Vault XP
 C = Vault XP percentage of total XP
 D = Non-vault monster count
 E = Vault monster count
 F = Vault count percentage of total count
                 A         B        C        D         E       F
            +---------+---------+-------+---------+---------+-------
      Total |      19 |       0 |   0.0 |      10 |       0 |   0.0
            +---------+---------+-------+---------+---------+-------
        D:1 |      17 |       0 |   0.0 |       9 |       0 |   0.0
        D:2 |       2 |       0 |   0.0 |       1 |       0 |   0.0
            +---------+---------+-------+---------+---------+-------
